 Dungeon Crawl Stone Soup version 0.30-a0-924-g0ad0bf95bc (webtiles) character file.

Game seed: 16023368632106663950

36959 qeuew the Protected (level 14, 0/122 HPs)
             Began as a Formicid Fighter on Mar 22, 2023.
             Was an Initiate of Gozag.
             Slain by a five-headed hydra (7 damage)
             ... on level 3 of the Lair of Beasts.
             The game lasted 00:26:39 (18386 turns).

qeuew the Protected (Formicid Fighter)             Turns: 18386, Time: 00:26:40

Health: 0/122      AC: 15    Str: 25    XL:     14   Next: 26%
Magic:  15/15      EV: 10    Int: 11    God:    Gozag
Gold:   335        SH: 22    Dex: 21    Spells: 13/13 levels left

rFire   + . .      SeeInvis +    a - +1 flail (spect)
rCold   + . .      Faith    .    h - +3 tower shield
rNeg    . . .      Spirit   .    r - +7 ring mail of Lepopt {Contam Str+2 Int+2}
rPois   +          Reflect  .    (helmet unavailable)
rElec   +          Rampage  .    (no cloak)
rCorr   +                        (no gloves)
Will    +....                    (no boots)
Stlth   +                        m - amulet of the acrobat
HPRegen 0.40/turn                v - +6 ring of dexterity
MPRegen 0.14/turn                (no ring)

@: mighty, brilliant, resistant, invisible
A: permanent stasis, dig shafts and tunnels, antennae 3, four strong arms, high
MP 1, robust 1
a: Dig, Shaft Self, Renounce Religion, Potion Petition, Call Merchant, Bribe
Branch


You were on level 3 of the Lair of Beasts.
You worshipped Gozag.
Gozag was aware of your devotion.
You visited 3 branches of the dungeon, and saw 18 of its levels.
You also visited: Sewer.

You collected 3440 gold pieces.
You paid 3105 gold pieces to Gozag.

Inventory:

Hand Weapons
 a - a +1 spectral flail (weapon)
 e - a +2 mace of holy wrath
Missiles
 g - 4 throwing nets
Armour
 h - a +3 tower shield (worn)
 r - the +7 ring mail of Lepopt (worn) {Contam Str+2 Int+2}
   (You found it on level 2 of the Lair of Beasts)

   Str:       It affects your strength (+2).
   Int:       It affects your intelligence (+2).
   Contam:    It causes magical contamination when unequipped.
Jewellery
 m - an amulet of the acrobat (around neck)
 v - a +6 ring of dexterity (left hand)
 x - an amulet of magic regeneration
Wands
 b - a wand of flame (16)
 c - a wand of paralysis (5)
 l - a wand of polymorph (5)
 n - a wand of iceblast (10)
Scrolls
 f - 3 scrolls of identify
 q - a scroll of fog
 s - a scroll of enchant weapon
 t - a scroll of fear
Potions
 d - 2 potions of might
 i - a potion of brilliance
 j - a potion of flight
 k - a potion of curing
 o - 2 potions of magic
 p - a potion of ambrosia
 u - a potion of resistance {unknown}
 w - a potion of invisibility {unknown}


   Skills:
 + Level 10.4 Fighting
 * Level 12.9 Maces & Flails
 * Level 14.1 Armour
 + Level 2.4 Dodging
 + Level 12.4 Shields
 + Level 9.5 Evocations


You had 13 spell levels left.
You didn't know any spells.
Your spell library contained the following spells:

 Spells                   Type           Power      Damage    Failure   Level
 Ensorcelled Hibernation  Hex/Ice        0%         N/A       94%         2
 Frozen Ramparts          Ice            0%         1d1       99%         3
 Spider Form              Tmut/Pois      0%         N/A       99%         3
 Stone Arrow              Conj/Erth      0%         3d7       99%         3
 Anguish                  Hex/Necr       0%         N/A       100%        4
 Animate Armour           Summ/Erth      0%         N/A       100%        4
 Ice Form                 Ice/Tmut       0%         N/A       100%        4
 Manifold Assault         Tloc           0%         N/A       100%        4
 Summon Ice Beast         Ice/Summ       0%         N/A       100%        4
 Borgnjor's Vile Clutch   Necr/Erth      0%         N/A       100%        5
 Death Channel            Necr           0%         N/A       100%        6
 Dispersal                Tloc           0%         N/A       100%        6
 Disjunction              Tloc           0%         N/A       100%        8
 Lehudib's Crystal Spear  Conj/Erth      0%         10d2      100%        8
 Animate Dead             Necr           Unusable   N/A       N/A         4

Dungeon Overview and Level Annotations

Branches:
Dungeon (14/15)            Temple (1/1) D:6            Lair (3/5) D:11
 Spider (0/4) Lair:2        Sewer (visited)
  Swamp: Lair:2-3    Shoals: Lair:2-3       Orc: D:9-12      Vaults: D:13-14

Altars:
Ashenzari
Cheibriados
Dithmenos
Elyvilon
Fedhas
Gozag
Hepliaklqana
Kikubaaqudgha
Makhleb
Nemelex Xobeh
Okawaru
Qazlal
Ru
Sif Muna
Trog
Uskayaw
Vehumet
Wu Jian
Xom
Yredelemnul
Zin
The Shining One

Shops:
D:6 ?   D:12 *

Annotations:
D:8 1 transporter


Innate Abilities, Weirdness & Mutations

You cannot be hasted, slowed, berserked, paralysed or teleported.
You can dig through walls and to a lower floor.
You have a pair of large antennae on your head. (SInv)
Your four strong arms can wield two-handed weapons with a shield.
You have an increased reservoir of magic. (+10% MP)
You are robust. (+10% HP)


Message History

The five-headed hydra bites you but does no damage.
The swamp worm closely misses you.
You block the swamp worm's attack. [a] - 294 gold - resistance and might [b] - 480 gold - heal wounds, curing and magic [c] - 528 gold - resistance, invisibility and might Purchase which effect?
You no longer have enough gold to fund merchants seeking to open stores in the dungeon.
You feel protected.
You fade into invisibility!
You feel very mighty all of a sudden. You block the swamp worm's attack.
The swamp worm bites you but does no damage.
You block the five-headed hydra's attack. x2
The five-headed hydra barely misses you.
The five-headed hydra closely misses you.
You block the five-headed hydra's attack.
The swamp worm bites you!
* * * LOW HITPOINT WARNING * * *
A seven-headed hydra comes into view. [a] - 348 gold - brilliance and magic [b] - 300 gold - brilliance and magic [c] - 406 gold - resistance and might Purchase which effect? [a] - 348 gold - brilliance and magic [b] - 300 gold - brilliance and magic [c] - 406 gold - resistance and might Purchase which effect? [a] - 348 gold - brilliance and magic [b] - 300 gold - brilliance and magic [c] - 406 gold - resistance and might Purchase which effect?
You no longer have enough gold to petition Gozag for potion effects.
You feel clever all of a sudden. Magic courses through your body.
You block the swamp worm's attack. x2
The swamp worm barely misses you. The five-headed hydra bites you.
* * * LOW HITPOINT WARNING * * *
The five-headed hydra bites you but does no damage.
You block the five-headed hydra's attack.
The five-headed hydra bites you!
You die...
Your body crumbles into a pile of gold.

.........## ♣#♣...#.##
..........# ♣♣♣♣
♣♣♣♣#### ..........#
≈≈≈♣♣ { .......####
≈≈~≈♣ ......## ~≈≈~♣§§
{ ..#...# ### ~~§§♣D♣
##...## ##.## ~~~≈..♣
#...## #.#.♣♣D~~...♣
##...#######....@wF~..♣
{
#.............#.ww~♣.♣♣
♣ .....<.......###♣.♣♣
{ ♣# ............## ♣♣
♣♣. ............# ♣♣#♣#
♣.. ...........P#
#####.♣.###..
..........P.#
##.#......##.#
...........##
##.........P..#
..........##
##...≈≈≈≈...PP.#


You could see a seven-headed hydra (wandering, unable to see you), a five-headed
hydra (unable to see you), a cane toad (unable to see you) and 3 swamp worms.

Vanquished Creatures
  Harold (D:11)
  A catoblepas (D:8)
  A hydra (Lair:2)
  4 two-headed ogres
  Urug (D:11)
  A tengu warrior (D:7)
  A pharaoh ant (Lair:2)
  Pikel (D:5)
  An oklob plant (Lair:1)
  A manticore (D:11)
  2 cyclopes (D:13)
  6 centaur zombies (D:11)
  4 elephants (Lair:2)
  2 black mambas
  6 cane toads
  A gargoyle (D:11)
  A rime drake (Lair:2)
  An unseen horror (D:10)
  A kobold demonologist (D:6)
  8 komodo dragons
  2 trolls
  A polar bear (Lair:3)
  A hornet (D:10)
  A tarantella (Lair:2)
  11 blink frogs
  4 vampires
  2 jumping spiders (Lair:2)
  4 wyverns
  4 shadows
  5 wraiths
  A basilisk (Lair:1)
  42 yaks
  7 vampire mosquitoes
  2 steam dragons
  Menkaure (D:4)
  2 acid dragons
  11 water moccasins
  12 orc warriors
  A black bear (Lair:3)
  2 ice beasts
  2 sky beasts (D:7)
  14 wolves
  A centaur (D:7)
  2 ogres
  2 kobold brigands (D:8)
  9 bullfrogs
  A gnoll sergeant (D:8)
  3 scorpions
  6 wights
  3 howler monkeys
  11 orc priests
  7 jellies
  3 hounds
  An iron imp (D:6)
  7 iguanas
  19 orc wizards
  A sleepcap (D:7)
  3 gnolls
  7 adders
  3 river rats (Sewer)
  A shadow imp (D:5)
  2 white imps (D:8)
  An ufetubus (D:6)
  4 worms
  3 dart slugs
  52 orcs
  3 bats
  19 endoplasms
  10 giant cockroaches
  3 goblins
  3 hobgoblins
  2 jackals (D:1)
  4 quokkas
  6 ball pythons
  4 frilled lizards
  3 goblin skeletons (D:6)
  A goblin zombie (D:6)
  A hobgoblin zombie (D:6)
  7 kobolds
  A kobold zombie (D:6)
  An orc skeleton (D:6)
  2 orc zombies (D:6)
  7 rats
  A butterfly (D:6)
407 creatures vanquished.

Vanquished Creatures (others)
  2 wights (D:8)
  An orc priest (D:11)
  An orc wizard (D:11)
  A gnoll (D:8)
  4 orcs
  2 kobolds (D:8)
  A butterfly (D:9)
  4 fungi
  13 plants
  2 withered plants (D:11)
31 creatures vanquished.

Grand Total: 438 creatures vanquished

Notes
Turn   | Place    | Note
-------+----------+-------------------------------------------
     0 | D:1      | qeuew the Formicid Fighter began the quest for the Orb.
     0 | D:1      | Reached XP level 1. HP: 18/18 MP: 1/1
   116 | D:1      | Reached XP level 2. HP: 24/24 MP: 2/2
   509 | D:1      | Reached XP level 3. HP: 26/29 MP: 3/3
   558 | D:1      | Found a faded altar of an unknown god.
  1012 | D:2      | Reached XP level 4. HP: 27/36 MP: 4/4
  1193 | D:2      | Reached skill level 4 in Armour
  2197 | D:3      | Found a glowing drain.
  2225 | Sewer    | Entered a sewer
  2270 | Sewer    | Reached XP level 5. HP: 32/42 MP: 5/5
  2639 | Sewer    | Found a viscous altar of Jiyva.
  2752 | Sewer    | Reached XP level 6. HP: 43/48 MP: 6/6
  2792 | Sewer    | Reached skill level 5 in Shields
  3070 | D:3      | Identified the +8 chain mail "Weiguc" {+Inv}
  3237 | D:4      | Reached skill level 5 in Armour
  3430 | D:4      | Reached skill level 1 in Evocations
  3430 | D:4      | Reached XP level 7. HP: 53/55 MP: 7/7
  3551 | D:4      | Noticed Menkaure
  3569 | D:4      | Killed Menkaure
  4111 | D:5      | Entered Level 5 of the Dungeon
  4111 | D:5      | Noticed Pikel
  4128 | D:5      | Killed Pikel
  4129 | D:5      | Reached skill level 5 in Fighting
  4129 | D:5      | Reached skill level 5 in Maces & Flails
  4129 | D:5      | Reached skill level 6 in Armour
  4129 | D:5      | Reached XP level 8. HP: 32/62 MP: 8/8
  4573 | D:5      | Found a bloodstained altar of Trog.
  4574 | D:5      | Found a stormy altar of Qazlal.
  4879 | D:5      | Gained mutation: You are clumsy. (Dex -2) [potion of
                  | mutation]
  4879 | D:5      | Gained mutation: Your mind is acute. (Int +4, Str/Dex -1)
                  | [potion of mutation]
  4879 | D:5      | Gained mutation: You are partially covered in iridescent
                  | scales. (AC +2) [potion of mutation]
  4880 | D:5      | Lost mutation: Your mind is acute. (Int +4, Str/Dex -1)
                  | [potion of mutation]
  4880 | D:5      | Lost mutation: You are clumsy. (Dex -2) [potion of
                  | mutation]
  4880 | D:5      | Lost mutation: You are partially covered in iridescent
                  | scales. (AC +2) [potion of mutation]
  4880 | D:5      | Gained mutation: You expend magic power (3 MP) to
                  | strengthen your wands. [potion of mutation]
  4880 | D:5      | Gained mutation: You are partially covered in iridescent
                  | scales. (AC +2) [potion of mutation]
  4880 | D:5      | Gained mutation: You have hidden genetic defects. [potion
                  | of mutation]
  4954 | D:6      | Found a burning altar of Makhleb.
  4975 | D:6      | Found a shimmering blue altar of Sif Muna.
  5036 | D:6      | Gained mutation: You are clumsy. (Dex -2) [hidden defects]
  5094 | D:6      | Reached XP level 9. HP: 65/68 MP: 9/9
  5129 | D:6      | Reached skill level 7 in Armour
  5169 | D:6      | Noticed a kobold demonologist
  5187 | D:6      | Killed a kobold demonologist
  5204 | D:6      | Gained mutation: You do not regenerate when monsters are
                  | visible. [hidden defects]
  5204 | D:6      | Lost mutation: You have hidden genetic defects. [hidden
                  | defects expressed]
  5330 | D:6      | Found a glowing golden altar of the Shining One.
  5964 | D:6      | Found a staircase to the Ecumenical Temple.
  5978 | Temple   | Entered the Ecumenical Temple
  5994 | Temple   | Became a worshipper of Gozag Ym Sagoz the Greedy
  6139 | D:6      | Found a shadowy altar of Dithmenos.
  6145 | D:6      | Found Haki's Magic Scroll Boutique.
  6288 | D:7      | Reached skill level 8 in Armour
  6869 | D:7      | Reached XP level 10. HP: 64/77 MP: 10/10
  6982 | D:7      | Found a blossoming altar of Fedhas.
  7566 | D:8      | Found a sparkling altar of Nemelex Xobeh.
  7661 | D:7      | Reached skill level 5 in Evocations
  7858 | D:7      | Lost mutation: You are partially covered in iridescent
                  | scales. (AC +2) [potion of mutation]
  7858 | D:7      | Lost mutation: You do not regenerate when monsters are
                  | visible. [potion of mutation]
  7858 | D:7      | Lost mutation: You expend magic power (3 MP) to strengthen
                  | your wands. [potion of mutation]
  7858 | D:7      | Gained mutation: You are robust. (+10% HP) [potion of
                  | mutation]
  7880 | D:7      | Reached skill level 9 in Armour
  8026 | D:8      | Noticed a tengu warrior
  8049 | D:7      | Killed a tengu warrior
  8242 | D:8      | Noticed a catoblepas
  8251 | D:8      | Killed a catoblepas
  8315 | D:8      | Noticed a two-headed ogre
  8327 | D:8      | Killed a two-headed ogre
  8328 | D:8      | Reached XP level 11. HP: 38/92 MP: 11/11
  8520 | D:8      | Reached skill level 10 in Armour
  8887 | D:8      | Found a sacrificial altar of Ru.
  8887 | D:8      | Noticed a two-headed ogre
  8896 | D:8      | Killed a two-headed ogre
  9096 | D:8      | Found a broken altar of Ashenzari.
  9125 | D:8      | Found a transporter.
  9613 | D:9      | Found a white marble altar of Elyvilon.
 10227 | D:9      | HP: 4/94 [yak (2)]
 11171 | D:10     | Entered Level 10 of the Dungeon
 11266 | D:10     | Noticed a two-headed ogre
 11274 | D:10     | Killed a two-headed ogre
 11275 | D:10     | Reached skill level 11 in Armour
 11275 | D:10     | Reached skill level 10 in Shields
 11286 | D:10     | Reached skill level 10 in Maces & Flails
 11467 | D:10     | Reached XP level 12. HP: 76/103 MP: 12/12
 11948 | D:10     | Found a glowing silver altar of Zin.
 12119 | D:10     | Lost mutation: You are clumsy. (Dex -2) [potion of
                  | mutation]
 12119 | D:10     | Lost mutation: You are robust. (+10% HP) [potion of
                  | mutation]
 12119 | D:10     | Gained mutation: You have an increased reservoir of magic.
                  | (+10% MP) [potion of mutation]
 12119 | D:10     | Gained mutation: You are robust. (+10% HP) [potion of
                  | mutation]
 12565 | D:11     | Noticed Harold
 12584 | D:11     | Killed Harold
 12681 | D:11     | Found a stormy altar of Qazlal.
 12711 | D:11     | Noticed Urug
 12746 | D:11     | Killed Urug
 12751 | D:11     | Reached skill level 12 in Armour
 12752 | D:11     | Noticed a two-headed ogre
 12758 | D:11     | Noticed a fire crab
 12771 | D:11     | HP: 1/103 [vampire/vampiric draining (21)]
 12780 | D:11     | You fall into a shaft and drop 3 floors!
 13100 | D:12     | Found Higgusikk's General Store.
 13562 | D:12     | Killed a two-headed ogre
 13760 | D:11     | Reached XP level 13. HP: 69/111 MP: 14/14
 14052 | D:11     | Found a staircase to the Lair.
 14434 | Lair:1   | Entered Level 1 of the Lair of Beasts
 14680 | Lair:1   | Reached skill level 13 in Armour
 15413 | Lair:2   | Identified the +7 ring mail of Lepopt {Contam Str+2 Int+2}
 15415 | Lair:2   | Found a hole to the Spider Nest.
 15833 | Lair:2   | Reached skill level 10 in Fighting
 16281 | Lair:2   | Reached skill level 1 in Dodging
 16315 | Lair:2   | Noticed a five-headed hydra
 16324 | Lair:2   | Killed a five-headed hydra
 17309 | Lair:3   | Reached XP level 14. HP: 117/121 MP: 15/15
 17691 | Lair:3   | Reached skill level 14 in Armour
 18386 | Lair:3   | Slain by a five-headed hydra

Illustrated notes

Levels and vault maps discovered:
D:1:      minmay_arrival_nine_rooms, layout_basic,
          shapermc_ecumenical_altar_mp_urbaneastern
D:2:      layout_loops_corners, chequers_avenue
D:3:      layout_rooms, portal_sewer_entry_f, serial_aquarium,
          aquarium_bridge_island_small [aquarium_subvault_small_water,
          aquarium_subvault_wall, aquarium_subvault_bridge,
          aquarium_subvault_bridge, aquarium_subvault_wall],
          aquarium_window_corner, aquarium_window_corridor_3, aquarium_window_2,
          aquarium_view_2d, minivault_25
D:4:      layout_loops_ring, uniq_menkaure
D:5:      layout_gridville, mainiacjoe_overflow_divided_tiny, uniq_pikel
D:6:      layout_basic, nicolae_tso_besieged_by_evil, led_sif_book,
          lightli_temple_of_fire, grunt_dithmenos_smoke_and_mirrors,
          minmay_temple_entry_butterflies, serial_shops, shop,
          kennysheep_cross_bottleneck, minmay_three_doors
D:7:      layout_layer_cave, lemuel_tele_altar
D:8:      minmay_ornate_pinched, layout_rooms, ashenzari_altar_1,
          mainiacjoe_overflow_six_doors_small,
          nemelex_xobeh_ov_fountains_minmay, kennysheep_crisscross,
          nicolae_diode_basic
D:9:      layout_layer_cave, nicolae_elyvilon_peaceful_grove, special_room
          [special_room_orc], nicolae_nh_ransacked_shop
D:10:     layout_cave_pods, zin_statuary
D:11:     layout_cave_pools, minmay_lair_entry_lava, serial_undead,
          serial_undead_e, serial_undead_a, serial_undead_c, serial_undead_f,
          glass_columns_a, serial_park_tiny_pond, grunt_qazlal_sundering,
          uniq_urug, uniq_harold
D:12:     layout_roguey, erik_orc_1, serial_shops, shop
D:13:     layout_stronghold, statue_in_the_mist_lemuel
D:14:     layout_basic, hangedman_vaults_entry_quadrant_bands,
          portal_ice_cave_entry_ice_statue_two
Temple:   hellmonk_temple_rainy
Lair:1:   layout_misc_corridors, wad_woods_river_02, grunt_megastairs_3
Lair:2:   layout_roguey, nicolae_spider_entry_lesser_pyramids, lemuel_fruit_tree
Lair:3:   beast_lair_carwin_large_3, layout_cave_pods, palyth_hydra_swamp_entry,
          nicolae_quartered_pool_impasse, minmay_holes,
          dreamdust_mushroom_princess

Skill      XL: |  1  2  3  4  5  6  7  8  9 10 11 12 13 14 |
---------------+-------------------------------------------+-----
Armour         | 4 5 6 8 9 11 12 13 14 | 14.1
Maces & Flails | 3 4 5 6 7 8 10 11 12 | 12.9
Fighting       | 4 5 6 7 8 9 10 | 10.4
Shields        | 5 6 7 9 10 11 12 | 12.4
Evocations     | 1 2 3 4 5 7 8 9 |  9.5
Dodging        | 1 2 |  2.4

Action                     |  1- 3 |  4- 6 |  7- 9 | 10-12 | 13-15 || total
---------------------------+-------+-------+-------+-------+-------++-------
  Melee: Flail             |    70 |   245 |   280 |   641 |   562 ||  1798
         Mace              |       |       |    11 |       |       ||    11
 Invoke: Potion Petition   |       |       |       |     4 |     4 ||     8
    Use: Scroll            |     3 |     6 |     5 |     8 |     3 ||    25
         Potion            |     1 |       |     2 |     8 |       ||    11
   Stab: Distracted        |       |       |     1 |     6 |     7 ||    14
         Invisible         |       |       |       |     4 |     1 ||     5
 Armour: Scale mail        |    32 |    89 |       |       |       ||   121
         Chain mail        |       |    37 |   160 |   423 |    88 ||   708
         Ring mail         |       |       |       |       |   107 ||   107
  Dodge: Dodged            |    26 |    75 |    48 |   180 |   142 ||   471
  Block: Buckler           |    20 |    13 |       |       |       ||    33
         Tower shield      |       |   175 |   302 |   808 |   639 ||  1924

Table legend: (Time is in decaauts)
 A = Elapsed time spent in this place.
 B = Non-inter-level travel time spent in this place.
 C = Inter-level travel time spent in this place.
 D = Time resting spent in this place.
 E = Time spent auto-exploring this place.
 F = Levels seen in this place.
 G = Mean time per level.
                   A        B        C        D        E       F      G
               +--------+--------+--------+--------+--------+-----+--------+
         Total |  18751 |  18382 |    369 |    100 |  14625 |  19 |  986.9 |
       Dungeon |  14074 |  13751 |    323 |    100 |  11118 |  14 | 1005.3 |
        Temple |     26 |     17 |      9 |      0 |      0 |   1 |   26.0 |
          Lair |   3948 |   3911 |     37 |      0 |   3101 |   3 | 1316.0 |
         Sewer |    701 |    701 |      0 |      0 |    405 |   1 |  701.0 |
               +--------+--------+--------+--------+--------+-----+--------+

Top non-repeatable levels by time:
     D:7: 2151 daAuts
  Lair:2: 1927 daAuts
     D:9: 1684 daAuts
    D:10: 1313 daAuts
     D:6: 1310 daAuts
     D:8: 1216 daAuts
     D:2: 1081 daAuts
  Lair:3: 1073 daAuts
     D:4: 1022 daAuts
    D:11: 1007 daAuts
  Lair:1: 947 daAuts
     D:1: 937 daAuts
     D:5: 811 daAuts
   Sewer: 701 daAuts
    D:12: 654 daAuts
